 Dungeon Crawl Stone Soup version 0.19.0-2-gae57169 (webtiles) character file.

55 Gingerlord the Cudgeler (level 3, -1/22 HPs)
             Began as a Gargoyle Gladiator on Nov 5, 2016.
             Slain by a worm (7 damage)
             ... on level 2 of the Dungeon.
             The game lasted 00:02:06 (1215 turns).

Gingerlord the Cudgeler (Gargoyle Gladiator)        Turns: 1215, Time: 00:02:07

Health: -1/22      AC:  8    Str: 18    XL:     3   Next: 93%
Magic:  3/3        EV: 12    Int:  8    God:
Gold:   81         SH:  0    Dex: 11    Spells: 0 memorised, 2 levels left

rFire  . . .     SeeInvis .     a - +0 flail
rCold  . . .     Gourm    .     b - +0 leather armour
rNeg   + . .     Faith    +     (no shield)
rPois  ∞         Spirit   .     c - +0 helmet
rElec  +         Reflect  .     (no cloak)
rCorr  .         Harm     .     (no gloves)
MR     .....                    j - +0 pair of boots
Stlth  +.........               g - amulet of faith
                                (no ring)
                                (no ring)

@: no status effects
A: negative energy resistance 1, electricity resistance, unbreathing,
petrification resistance, rot immunity, AC +3
a: no special abilities


You were on level 2 of the Dungeon.
You were not hungry.

You visited 1 branch of the dungeon, and saw 2 of its levels.

You collected 81 gold pieces.

Inventory:

Hand Weapons
 a - a +0 flail (weapon)
Missiles
 d - 3 throwing nets (quivered)
Armour
 b - a +0 leather armour (worn)
 c - a +0 helmet (worn)
 j - a +0 pair of boots (worn)
Jewellery
 g - an amulet of faith (around neck)
Scrolls
 h - 2 scrolls of identify {unknown}
 l - a scroll of enchant weapon {unknown}
 n - a scroll of random uselessness {unknown}
 o - a scroll of blinking {unknown}
Potions
 e - a potion of berserk rage {unknown}
 k - 2 potions of agility {unknown}
 m - a potion of might {unknown}
 p - a potion of degeneration {unknown}
Comestibles
 f - 2 bread rations
 i - a royal jelly


   Skills:
 + Level 2.9 Fighting
 + Level 3.4 Maces & Flails
 - Level 1.7 Throwing
 + Level 1.9 Armour
 + Level 2.7 Dodging


You had 2 spell levels left.
You didn't know any spells.

Dungeon Overview and Level Annotations

Branches:
Dungeon (2/15)

Altars:
Gozag


Innate Abilities, Weirdness & Mutations

You are resistant to torment.
Your stone body is resilient. (AC +3)
You are immune to poison.
You resist negative energy. (rN+)
You are resistant to electric shocks. (rElec)
You can survive without breathing.
You are immune to petrification.
You are immune to rotting.


Message History

You hit the hobgoblin.
The hobgoblin is heavily wounded.
The hobgoblin misses you.
You hit the hobgoblin.
You kill the hobgoblin!
The giant cockroach bites you but does no damage.
You barely miss the giant cockroach.
The giant cockroach bites you but does no damage.
You hit the giant cockroach.
The giant cockroach is moderately wounded.
The giant cockroach bites you but does no damage.
The giant cockroach bites you.
* * * LOW HITPOINT WARNING * * *
You thump the giant cockroach!
You kill the giant cockroach!
You barely miss the worm. You hit the worm.
The worm is lightly wounded.
The worm bites you!
You die...

...# #.#### #
#..$. #. #... #.#
#..# #.# #..# ###
#.##..## ..#
##Kw...#
#.###w##....#
#.#@###.......#
####.####..##..##
#..........## ##
#.#.......... #.
#.#..####.#.# #
#. #.#..# #.#.#.#
#. ##.#..# #.#.##
#.######.....###
>....#
#..............#
#.#..#


You could see 2 worms and a kobold.

Vanquished Creatures
  An adder (D:2)
  2 leopard geckos
  5 bats
  4 giant cockroaches
  4 goblins (D:1)
  8 hobgoblins
  6 jackals (D:1)
  2 frilled lizards
  A kobold (D:1)
  6 rats
39 creatures vanquished.

Notes
Turn   | Place    | Note
-------+----------+-------------------------------------------
     0 | D:1      | Gingerlord the Gargoyle Gladiator began the quest for the Orb.
     0 | D:1      | Reached XP level 1. HP: 12/12 MP: 1/1
    72 | D:1      | Reached XP level 2. HP: 6/18 MP: 2/2
   320 | D:1      | Reached skill level 1 in Armour
   556 | D:1      | Reached XP level 3. HP: 21/22 MP: 3/3
  1113 | D:2      | Found an opulent altar of Gozag.
  1215 | D:2      | Slain by a worm

Skill      XL: |  1  2 |
---------------+-------+-----
Armour         | 1 |  1.9
Fighting       | |  2.9
Maces & Flails | |  3.4
Throwing       | |  1.7
Dodging        | |  2.7

Action                   || total
-------------------------++-------
Melee: Flail             ||   176
  Eat: Chunk             ||     1
Armor: Leather armour    ||   103
Dodge: Dodged            ||   195
